 Dungeon Crawl Stone Soup version 0.22.0-49-gab54619 (webtiles) character file.

361 Ghost6211 the Sneak (level 6, -7/29 HPs)
             Began as a Spriggan Enchanter on Sept 8, 2018.
             Killed by divine providence
             ... invoked by an orc priest
              (9 damage)
             ... on level 4 of the Dungeon.
             The game lasted 00:41:33 (8852 turns).

Ghost6211 the Sneak (Spriggan Enchanter)            Turns: 8852, Time: 00:41:34

Health: -7/29      AC:  3    Str:  6    XL:     6   Next: 38%
Magic:  0/13       EV: 19    Int: 17    God:
Gold:   163        SH:  0    Dex: 16    Spells: 4/13 levels left

rFire    . . .     SeeInvis +   a - +2 dagger
rCold    . . .     Gourm    .   (shield restricted)
rNeg     . . .     Faith    .   b - +1 robe
rPois    +         Spirit   .   (helmet restricted)
rElec    .         Reflect  .   (no cloak)
rCorr    .         Harm     .   (gloves unavailable)
MR       ++...                  (boots unavailable)
Stlth    +++.......             (no amulet)
HPRegen  0.09/turn              h - ring of poison resistance
MPRegen  0.13/turn              s - ring of protection from magic

@: very quick
A: very small, unfitting armour, see invisible, herbivore, speed 3, slow
metabolism 2
a: no special abilities


You were on level 4 of the Dungeon.
You were not hungry.

You visited 1 branch of the dungeon, and saw 4 of its levels.

You collected 163 gold pieces.

Inventory:

Hand Weapons
 a - a +2 dagger (weapon)
 j - a +0 dagger
 k - a cursed -2 short sword
 o - a +0 whip
Missiles
 c - 140 stones (quivered)
Armour
 b - a +1 robe (worn)
 f - a cursed +0 leather armour
 m - a +0 robe
Jewellery
 h - a ring of poison resistance (left hand)
 p - an uncursed ring of protection from cold
 s - a ring of protection from magic (right hand)
Wands
 r - a wand of iceblast (7)
Scrolls
 d - 2 scrolls of teleportation
 e - a scroll of fog {unknown}
 i - a scroll of enchant armour
 l - a scroll of noise {unknown}
 q - a scroll of magic mapping {unknown}
 t - 4 scrolls of remove curse
 y - a scroll of amnesia
 C - a scroll of enchant weapon
Potions
 g - 2 potions of flight {unknown}
 n - 2 potions of invisibility {unknown}
 u - a potion of lignification {unknown}
 w - a potion of curing {unknown}
 x - a potion of berserk rage {unknown}
 z - a potion of brilliance {unknown}
 A - 2 potions of haste {unknown}
 B - a potion of degeneration {unknown}
Comestibles
 v - a ration


   Skills:
 + Level 0.4 Fighting
 + Level 2.5 Short Blades
 + Level 3.7 Dodging
 + Level 6.7 Stealth
 + Level 4.1 Spellcasting
 * Level 5.9 Hexes
 + Level 0.6 Ice Magic


You had 4 spell levels left.
You knew the following spells:

 Your Spells              Type           Power        Failure   Level  Hunger
a - Corona                Hex            ###....      1%          1    None
b - Ensorcelled Hibernat  Hex/Ice        ##....       6%          2    ##.....
c - Confuse               Hex            ###.....     4%          3    ###....
d - Tukima's Dance        Hex            ###.....     4%          3    ###....

Your spell library contained the following spells:

 Spells                   Type           Power        Failure   Level  Hunger
 Dazzling Spray           Conj/Hex       ##....       14%         3    ###....


Dungeon Overview and Level Annotations

Branches:
Dungeon (4/15)
 Temple: D:4-7

Altars:


Innate Abilities, Weirdness & Mutations

You are very small and have problems with some larger weapons.
You are too small for most types of armour.
You have supernaturally acute eyesight. (SInv)
You are a herbivore.
You cover ground extremely quickly.
You need to consume almost no food.


Message History

The orc wizard is severely wounded.
The orc wizard barely misses you. The orc priest hits you.
* * * LOW HITPOINT WARNING * * *
You see here an orc corpse.
The orc wizard barely misses the orc priest.
Casting: Confuse (safe; 4% risk of failure)
Confirm with . or Enter, or press ? or * to list all spells.
You don't have enough magic to cast that spell.
Casting: Confuse (safe; 4% risk of failure)
Confirm with . or Enter, or press ? or * to list all spells.
Aiming: Ensorcelled Hibernation (safe; 6% risk of failure)
Press: ? - help, Shift-Dir - straight line, f - orc wizard, p - orc wizard
Aim: an orc wizard, wielding a dagger and wearing a robe (hasn't noticed you, The orc wizard shouts!
The orc wizard resists with some effort.
The orc priest calls upon Beogh to heal the orc wizard.
The orc wizard is healed somewhat.
The orc priest mumbles some strange prayers to Beogh against you.
Beogh smites you!
You die...

########## #
######## #
#.o.o..# #
#.####.# # #.# #.#
# #o####o###
#########.##......
#@..o.....##.#.##.
#.#######.#....##.
#†# #........#.#..
#o###.###....$.##.
#o........##.#####
#####.##### ## #
#.# # #.# # ...


You could see an orc priest and 2 orc wizards.

Vanquished Creatures
  A scorpion (D:4)
  Natasha (D:2)
  2 worker ants (D:4)
  A hound skeleton (D:4)
  5 gnolls
  8 adders
  An ooze (D:2)
  A worm (D:2)
  2 dart slugs
  6 leopard geckos
  12 orcs
  6 giant cockroaches
  11 hobgoblins
  8 kobolds
  A quokka (D:4)
  A ball python (D:3)
  7 bats
  7 goblins
  13 rats
94 creatures vanquished.

Notes
Turn   | Place    | Note
-------+----------+-------------------------------------------
     0 | D:1      | Ghost6211 the Spriggan Enchanter began the quest for the
                  | Orb.
     0 | D:1      | Reached XP level 1. HP: 9/9 MP: 5/5
   697 | D:1      | Reached XP level 2. HP: 13/13 MP: 6/6
   732 | D:1      | Learned a level 2 spell: Ensorcelled Hibernation
   766 | D:1      | Reached skill level 5 in Stealth
  2507 | D:1      | Reached XP level 3. HP: 16/16 MP: 5/8
  2770 | D:1      | Learned a level 3 spell: Confuse
  4304 | D:2      | Noticed Natasha
  4816 | D:2      | You fall through a shaft!
  4842 | D:3      | Reached XP level 4. HP: 21/21 MP: 9/9
  4848 | D:3      | Learned a level 3 spell: Tukima's Dance
  6897 | D:2      | Reached skill level 5 in Hexes
  6901 | D:2      | Reached XP level 5. HP: 21/24 MP: 3/11
  6946 | D:2      | Reached skill level 6 in Stealth
  7203 | D:2      | Killed Natasha
  7816 | D:4      | Reached XP level 6. HP: 29/29 MP: 6/13
  8515 | D:4      | HP: 1/29 [orc wizard/magic dart (9)]
  8847 | D:4      | HP: 1/29 [orc priest (4)]
  8852 | D:4      | Killed from afar by an orc priest

Skill      XL: |  1  2  3  4  5 |
---------------+----------------+-----
Hexes          | 4 5 |  5.9
Stealth        | 5 6 |  6.7
Spellcasting   | 3 4 |  4.1
Short Blades   | 2 |  2.5
Fighting       | |  0.4
Dodging        | |  3.7
Ice Magic      | |  0.6

Action                   |  1- 3 |  4- 6 || total
-------------------------+-------+-------++-------
Melee: Dagger            |   170 |   189 ||   359
 Cast: Corona            |     2 |       ||     2
       Ensorcelled Hiber |    28 |    21 ||    49
       Confuse           |     2 |    27 ||    29
       Tukima's Dance    |       |     1 ||     1
  Use: Scroll            |     1 |     7 ||     8
 Stab: Sleeping          |    27 |    22 ||    49
       Confused          |     1 |    13 ||    14
  Eat: Ration            |     2 |     4 ||     6
Armor: Robe              |    17 |     6 ||    23
Dodge: Dodged            |   134 |   140 ||   274
